Map: [EWC] Amphion

Players

Serral

  • Race: Zerg Zerg
  • Spawn Location: 11:00

herO - Winner!

  • Race: Protoss Protoss
  • Spawn Location: 7:00

Event: Esports World Cup 2024

VOD

Have the link to the VOD?

Description

Time

  • Played on: Aug. 16, 2024, 1:43 p.m.
  • Length: 9:04

All games in this series

Show
View Real Time Build Order
Export as new Build Order

Serral Zerg 

Build Orders: Hatch First 

Get SALT Encoding   

  12  0:00  Drone  
  13  0:08  Drone  
  14  0:35  Hatchery  
  13  0:38  Drone  
  14  0:43  Extractor  
  14  0:44  Drone  
  15  0:51  Overlord  
  15  1:07  Spawning Pool  
  15  1:11  Drone  
  15  1:15  Drone  
  16  1:19  Drone  
  16  1:23  Drone  
  18  1:34  Drone  
  19  1:45  Drone  
  20  1:47  Drone  
  20  1:53  Queen  
  23  1:54  Queen  
  23  1:59  Zergling x2  
  26  2:03  Overlord  
  26  2:07  Drone  
  27  2:11  Drone  
  28  2:22  Drone x2  
  30  2:26  Drone  
  30  2:29  Drone  
  32  2:33  Queen  
  32  2:34  Queen  
  36  2:39  Overlord  
  36  2:52  Hatchery  
  36  2:55  Drone  
  36  2:56  Extractor  
  36  2:57  Drone  
  36  2:59  Drone  
  36  3:02  Drone  
  36  3:03  Drone  
  39  3:07  Drone x2  
  39  3:09  Drone  
  42  3:14  Drone  
  42  3:15  Drone  
  42  3:18  Overlord  
  44  3:23  Overlord  
  44  3:31  Overlord  
  44  3:39  Queen  
  44  3:40  Drone, Queen  
  50  3:41  Drone x2  
  50  3:43  Drone  
  50  3:44  Drone  
  50  3:47  Drone  
  54  3:55  Drone x2  
  55  3:58  Drone x3  
  55  4:00  Metabolic Boost  
  56  4:03  Spore Crawler  
  56  4:05  Spore Crawler  
  56  4:08  Zergling x2  
  56  4:09  Zergling x2  
  56  4:14  Zergling x2  
  57  4:19  Drone  
  57  4:20  Drone x5  
  57  4:23  Drone  
  64  4:25  Overlord  
  64  4:30  Drone  
  65  4:35  Drone  
  66  4:38  Overlord  
  66  4:40  Drone  
  66  4:43  Spore Crawler  
  66  4:44  Drone  
  67  4:47  Drone x7  
  74  4:53  Lair  
  74  4:55  Overlord, Extractor  
  74  4:59  Zergling x4  
  75  5:00  Evolution Chamber  
  75  5:05  Drone  
  75  5:11  Drone x5  
  75  5:13  Roach Warren, Overlord, Drone  
  75  5:14  Drone  
  81  5:15  Zergling x2  
  81  5:16  Zergling x2  
  81  5:21  Zergling x4  
  84  5:24  Zergling x2  
  84  5:27  Zergling x2  
  80  5:36  Zergling x4  
  80  5:38  Zergling x2  
  80  5:44  Zergling x14  
  80  5:49  Overlord  
  83  5:50  Zergling x2  
  83  5:53  Drone  
  84  5:59  Drone  
  84  6:00  Drone  
  85  6:04  Glial Reconstitution  
  85  6:06  Drone  
  85  6:07  Drone  
  87  6:11  Drone  
  87  6:12  Drone x3  
  87  6:13  Extractor  
  87  6:15  Overlord  
  89  6:21  Hatchery  
  89  6:24  Roach x3  
  90  6:25  Queen  
  90  6:26  Hatchery, Queen  
  90  6:28  Queen, Evolution Chamber  
  90  6:30  Roach x2  
  95  6:36  Extractor  
  95  6:38  Extractor, Roach x4  
  95  6:39  Extractor  
  100  6:45  Overlord  
  100  6:51  Roach x4  
  100  6:52  Zergling x2  
  99  7:01  Roach x2  
  99  7:08  Drone x7  
  101  7:16  Roach x3  
  107  7:25  Roach  
  107  7:26  Zergling x2, Roach x2  
  114  7:31  Overlord x3  
  114  7:43  Zergling x14  
  121  7:44  Ravager x2  
  121  7:50  Zergling x4  
  121  7:51  Roach Warren  
  122  7:58  Zergling x8  
  123  8:06  Zergling x4  
  123  8:07  Zergling x8  
  128  8:13  Zergling x8  
  126  8:25  Drone  
  126  8:26  Drone x6  
  133  8:31  Ravager x7  
  140  8:38  Drone x2  
  140  8:39  Drone  
  143  8:44  Overlord x3  
  143  8:45  Overlord  
Show
View Real Time Build Order
Export as new Build Order

herO Protoss - Winner!

Build Orders: 1 Gate Expand, Oracle Opening 

Get SALT Encoding   

  12  0:01  Probe  
  13  0:13  Probe  
  14  0:22  Pylon  
  14  0:26  Probe  
  15  0:40  Probe (Chrono Boost)  
  16  0:43  Gateway  
  16  0:49  Probe (Chrono Boost)  
  17  0:52  Assimilator  
  17  0:55  Probe  
  18  1:07  Probe  
  19  1:19  Probe  
  20  1:31  Nexus  
  20  1:40  Cybernetics Core  
  20  1:43  Probe  
  21  1:50  Assimilator  
  21  1:55  Probe  
  21  2:00  Pylon  
  22  2:08  Probe (Chrono Boost)  
  23  2:18  Adept  
  23  2:20  Probe (Chrono Boost)  
  26  2:24  Stargate  
  26  2:28  Probe (Chrono Boost)  
  27  2:30  Warp Gate  
  27  2:34  Probe (Chrono Boost)  
  30  2:45  Probe (Chrono Boost)  
  30  2:46  Probe (Chrono Boost)  
  30  2:48  Adept  
  32  2:52  Probe (Chrono Boost)  
  32  2:53  Probe (Chrono Boost)  
  32  2:57  Probe (Chrono Boost)  
  34  3:02  Probe  
  34  3:05  Oracle (Chrono Boost)  
  36  3:10  Probe  
  40  3:14  Probe  
  40  3:15  Pylon  
  41  3:22  Gateway  
  41  3:25  Probe  
  42  3:27  Probe  
  42  3:33  Oracle (Chrono Boost)  
  43  3:39  Gateway  
  46  3:47  Probe x2  
  48  4:00  Nexus  
  48  4:01  Oracle (Chrono Boost)  
  48  4:08  Pylon  
  51  4:10  Probe  
  51  4:11  Probe  
  53  4:18  Twilight Council  
  53  4:22  Assimilator  
  53  4:25  Probe  
  53  4:26  Probe  
  53  4:28  Stalker  
  57  4:35  Adept x2  
  62  4:43  Pylon  
  62  4:50  Resonating Glaives (Chrono Boost)  
  62  4:52  Gateway x2  
  61  5:05  Adept x3  
  61  5:06  Probe x2  
  69  5:12  Gateway  
  69  5:13  Probe  
  70  5:18  Probe  
  70  5:19  Probe  
  72  5:25  Probe  
  72  5:27  Adept x3  
  79  5:30  Probe  
  79  5:31  Probe  
  81  5:44  Probe x3  
  84  5:51  Pylon x2  
  84  5:52  Pylon  
  84  5:57  Assimilator  
  84  6:00  Forge  
  84  6:02  Adept x2  
  84  6:09  Probe  
  84  6:10  Adept x4, Probe x2  
  84  6:11  Blink (Chrono Boost)  
  95  6:22  Probe x3  
  98  6:35  Protoss Ground Weapons Level 1 (Chrono Boost)  
  98  6:36  Adept x5  
  108  6:40  Pylon x2  
  108  6:41  Pylon  
  98  6:58  Stalker x6  
  98  6:59  Probe  
  98  7:00  Probe x2  
  103  7:22  Stalker  
  103  7:23  Stalker x4  
  103  7:25  Pylon  
  103  7:26  Assimilator  
  103  7:27  Probe x3  
  103  7:28  Pylon  
  103  7:29  Stalker  
  118  7:34  Pylon  
  118  7:50  Stalker x5  
  118  8:04  Gateway  
  116  8:06  Nexus  
  116  8:07  Gateway  
  116  8:08  Shield Battery  
  116  8:09  Gateway  
  116  8:12  Robotics Facility  
  108  8:21  Probe x3  
  111  8:28  Stalker x5  
  111  8:33  Stalker, Probe  
  124  8:34  Probe  
  124  8:35  Probe  
  126  8:42  Photon Cannon  
  126  8:45  Probe  
  127  8:52  Stalker, Photon Cannon  
Tags
 
Add a new tag
Caveats
  • Supply blocks, unpowered buildings, or Contaminate may cause inaccurate times.
  • Supply counts are checked every 10 seconds.